 Dungeon Crawl Stone Soup version 0.29.0-4-gdea44cf6ec (webtiles) character file.

Game seed: 7234935948518329727

51 qw the Chopper (level 3, -1/21 HPs)
             Began as a Tengu Warper on Aug 28, 2022.
             Killed from afar by Natasha (6 damage)
             ... with a puff of flame
             ... on level 2 of the Dungeon.
             The game lasted 00:00:07 (1173 turns).

qw the Chopper (Tengu Warper)                       Turns: 1173, Time: 00:00:08

Health: -1/21      AC:  3    Str: 13    XL:     3   Next: 83%
Magic:  7/7        EV: 12    Int: 13    God:
Gold:   61         SH:  0    Dex: 13    Spells: 6/6 levels left

rFire   . . .      SeeInvis .   Y - +0 hand axe (flame)
rCold   . . .      Faith    .   (no shield)
rNeg    . . .      Spirit   .   b - +0 leather armour
rPois   .          Reflect  .   (helmet restricted)
rElec   .          Harm     .   (no cloak)
rCorr   .          Rampage  .   (no gloves)
Will    .....                   (boots unavailable)
Stlth   +.........              (no amulet)
HPRegen 0.07/turn               (no ring)
MPRegen 0.10/turn               (no ring)

@: no status effects
A: beak, talons 3
a: no special abilities


You were on level 2 of the Dungeon.
You visited 1 branch of the dungeon, and saw 2 of its levels.

You collected 61 gold pieces.


Innate Abilities, Weirdness & Mutations

You have a beak for a mouth.
You have claws for feet.


   Skills:
 - Level 2.0 Fighting
 + Level 4.4 Axes
 - Level 1.0 Throwing
 - Level 1.1 Armour
 - Level 2.1 Dodging
 - Level 2.0 Spellcasting
 - Level 2.4 Translocations


You had 6 spell levels left.
You didn't know any spells.
Your spell library contained the following spells:

 Spells                   Type           Power      Damage    Failure   Level
 Blink                    Tloc           14%        N/A       19%         2
 Gell's Gravitas          Tloc           7%         N/A       36%         3
 Lesser Beckoning         Tloc           7%         N/A       36%         3
 Teleport Other           Tloc           7%         N/A       36%         3
 Manifold Assault         Tloc           7%         N/A       98%         5

Inventory:

Hand Weapons
 Y - a +0 hand axe of flaming (weapon)
Armour
 b - a +0 leather armour (worn)
Scrolls
 a - a scroll of immolation {unknown}
Potions
 f - a potion of curing {unknown}

Dungeon Overview and Level Annotations

Branches:
Dungeon (2/15)

Altars:

Shops:
D:2 :

Annotations:
D:2 Natasha


Message History

The rat is severely wounded.
The rat bites you.
You closely miss the rat. Your kick misses the rat.
The rat is severely wounded.
The rat bites you.
You hit the rat. You burn the rat.
You kill the rat!
You start resting.
HP restored.
You see here a rat corpse.
There is an entrance to Nirrucoc's Vocational Training here.
There is a fountain of clear blue water here.
Found a stone staircase leading down.
Enter note:
Enter note:
a - a scroll labelled JIS QOFUSIUC
Found a quarterstaff.
Found a stone staircase leading up.
Enter note: You now have 54 gold pieces (gained 11).
Found an escape hatch in the floor.
You now have 61 gold pieces (gained 7).
Found a whip.
Enter note: A bat comes into view.
The bat misses you.
You closely miss the bat. You peck the bat.
You kill the bat!
You see here a bat corpse.
You see here a bat corpse.
Natasha, Servant of Life and Death comes into view.
She is carrying a wand of flame (24).
Natasha hisses angrily.
Natasha zaps a wand.
The puff of flame hits you!
1160 ||| FLEEEEING.
You start resting.
Natasha zaps a wand.
The puff of flame hits you.
Natasha stares at you and mumbles some strange words.
The magic dart hits you.
Natasha zaps a wand.
The puff of flame hits you.
You die...

############ #..........#
....######.# .########
#.#.#.#..#.# h.......#
#.#.#....#.######## #.#
#.#.#.#....%....@.# #.#
#.#.#.####.######h####.####.##
#.#.#......# #............#
#.#.#.################.#######
..#...............# #.#
#################.# #.#
..................# #.#
################### #.# #.#
#.#


You could see Natasha.

Vanquished Creatures
  A dart slug (D:1)
  3 ball pythons (D:1)
  6 bats
  3 endoplasms
  8 giant cockroaches
  3 goblins (D:1)
  A hobgoblin (D:1)
  6 jackals (D:1)
  A kobold (D:1)
  2 quokkas (D:1)
  A frilled lizard (D:1)
  5 rats
40 creatures vanquished.

Notes
Turn   | Place    | Note
-------+----------+-------------------------------------------
     0 | D:1      | qw the Tengu Warper began the quest for the Orb.
     0 | D:1      | Reached XP level 1. HP: 12/12 MP: 4/4
     0 | D:1      | 0 ||| qw: Version: 0.1-a-89-g26bdef1
     0 | D:1      | 0 ||| qw: Game counter: 1967
     0 | D:1      | 0 ||| qw: Always use a shield: true
     0 | D:1      | 0 ||| qw: God list: Okawaru
     0 | D:1      | 0 ||| qw: Allow faded altars: false
     0 | D:1      | 0 ||| qw: Do Orc after D:15 true
     0 | D:1      | 0 ||| qw: Do second Lair branch before Depths: true
     0 | D:1      | 0 ||| qw: Lair rune preference: random
     0 | D:1      | 0 ||| qw: Plans: Normal
     0 | D:1      | 0 ||| PLANNING D:1-11
    45 | D:1      | 45 ||| Stepping ~*~*~tactically~*~*~ (stealth).
    46 | D:1      | 46 ||| Stepping ~*~*~tactically~*~*~ (stealth).
    49 | D:1      | Reached XP level 2. HP: 17/17 MP: 6/6
    49 | D:1      | 49 ||| Stepping ~*~*~tactically~*~*~ (stealth).
    50 | D:1      | 50 ||| Stepping ~*~*~tactically~*~*~ (stealth).
    59 | D:1      | Reached skill level 3 in Axes
   371 | D:1      | Reached XP level 3. HP: 21/21 MP: 7/7
   377 | D:1      | 377 ||| Stepping ~*~*~tactically~*~*~ (stealth).
   381 | D:1      | 381 ||| Stepping ~*~*~tactically~*~*~ (stealth).
   414 | D:1      | Reached skill level 4 in Axes
   795 | D:1      | 795 ||| READING scroll labelled BYALIA KAUNE.
   796 | D:1      | 796 ||| DROPPING +0 club.
   797 | D:1      | 797 ||| READING scroll labelled XIASORCH ITAWO.
   798 | D:1      | 798 ||| READING scroll labelled RAUREI VESIZE.
   799 | D:1      | 799 ||| DROPPING scroll of blinking.
   974 | D:2      | Found Nirrucoc's Vocational Training.
  1159 | D:2      | Noticed Natasha
  1160 | D:2      | 1160 ||| FLEEEEING.
  1172 | D:2      | HP: 4/21 [Natasha/magic dart (4)]
  1173 | D:2      | Killed from afar by Natasha

Levels and vault maps discovered:
D:1:      amcnicky_arrival_feature_with_door, layout_loops_ring,
          hangedman_decor_growths, minmay_worlds_worst_comb
D:2:      layout_basic, serial_rivers, chequers_serial_rivers_large_a,
          chequers_serial_rivers_small_a, chequers_serial_rivers_micro_d,
          chequers_serial_rivers_room_b, chequers_serial_rivers_small_3,
          nicolae_shop_vocational, uniq_natasha

Skill      XL: |  1  2  3 |
---------------+----------+-----
Axes           | 3 4 |  4.4
Fighting       | |  2.0
Throwing       | |  1.0
Armour         | |  1.1
Dodging        | |  2.1
Spellcasting   | |  2.0
Translocations | |  2.4

Action                   || total
-------------------------++-------
Melee: Hand axe          ||    68
       Kick              ||    20
       Peck              ||     7
Throw: Boomerang         ||     7
  Use: Scroll            ||     3
Armor: Leather armour    ||    21
Dodge: Dodged            ||    27

Table legend:
 A = Non-vault XP
 B = Vault XP
 C = Vault XP percentage of total XP
 D = Non-vault monster count
 E = Vault monster count
 F = Vault count percentage of total count
                 A         B        C        D         E       F
            +---------+---------+-------+---------+---------+-------
      Total |      66 |       8 |  10.8 |      36 |       4 |  10.0
            +---------+---------+-------+---------+---------+-------
        D:1 |      57 |       8 |  12.3 |      31 |       4 |  11.4
        D:2 |       9 |       0 |   0.0 |       5 |       0 |   0.0
            +---------+---------+-------+---------+---------+-------
